 Dungeon Crawl Stone Soup version 0.25-a0-458-g6fc7858b95 (webtiles) character file.

Game seed: 4329087264788103453, levelgen mode: deterministic

3623 Error4North the Cleaver (level 10, -5/84 HPs)
             Began as a Hill Orc Fighter on Feb 3, 2020.
             Was an Elder of Okawaru.
             Slain by a six-headed hydra (11 damage)
             ... on level 1 of the Lair of Beasts.
             The game lasted 00:34:34 (7517 turns).

Error4North the Cleaver (Hill Orc Fighter)          Turns: 7517, Time: 00:34:36

Health: -5/84      AC: 21    Str: 23    XL:     10   Next: 11%
Magic:  13/13      EV:  4    Int:  8    God:    Okawaru [****..]
Gold:   337        SH: 17    Dex: 10    Spells: 13/13 levels left

rFire    . . .     SeeInvis .   c - +0 spear
rCold    . . .     Gourm    .   K - +0 large shield
rNeg     . . .     Faith    .   n - +0 plate armour
rPois    .         Spirit   .   (helmet restricted)
rElec    .         Reflect  .   y - +0 cloak
rCorr    .         Harm     .   (no gloves)
MR       .....                  w - +0 pair of boots (curse)
Stlth    ..........             (no amulet)
HPRegen  0.24/turn              h - +1 ring of protection
MPRegen  0.13/turn              (no ring)

@: hasted, very quick
A: horns 1, icy blue scales 1, yellow scales 1, no potion heal 1
a: Heroism, Renounce Religion


You were on level 1 of the Lair of Beasts.
You worshipped Okawaru.
Okawaru was greatly pleased with you.
You were not hungry.

You visited 3 branches of the dungeon, and saw 10 of its levels.
You also visited: Sewer.

You collected 457 gold pieces.
You spent 120 gold pieces at shops.

Inventory:

Hand Weapons
 a - a +0 war axe
 c - a +0 spear (weapon)
Missiles
 m - 6 boomerangs (quivered)
 G - 2 silver javelins
Armour
 n - a +0 plate armour (worn)
 w - a cursed +0 pair of boots (worn)
 y - a +0 cloak (worn)
 K - a +0 large shield (worn)
Jewellery
 h - a +1 ring of protection (left hand)
 B - an uncursed ring of positive energy
Wands
 t - a wand of random effects (5)
 D - a wand of flame (11)
 H - a wand of acid (4)
 J - a wand of scattershot (7)
Scrolls
 b - 3 scrolls of fear {unknown}
 g - a scroll of random uselessness {unknown}
 j - 5 scrolls of remove curse {unknown}
 k - 2 scrolls of amnesia {unknown}
 o - 6 scrolls of teleportation {unknown}
 p - a scroll of noise {unknown}
 r - 2 scrolls of magic mapping {unknown}
 s - 6 scrolls of identify
 u - a scroll of enchant armour {unknown}
 v - 2 scrolls of enchant weapon {unknown}
 A - a scroll of blinking {unknown}
 I - a scroll of vulnerability {unknown}
Potions
 d - 2 potions of might
 e - 2 potions of curing
 i - a potion of cancellation {unknown}
 l - 2 potions of flight
 q - a potion of berserk rage {unknown}
 x - 2 potions of heal wounds {unknown}
 z - a potion of degeneration {unknown}
 E - a potion of agility
 F - a potion of lignification {unknown}
Comestibles
 f - 17 rations
 L - a chunk of flesh


   Skills:
 * Level 6.6 Fighting
 + Level 9.3 Axes
 + Level 0.4 Throwing
 * Level 7.9 Armour
 + Level 0.7 Dodging
 * Level 8.6 Shields
 + Level 2.1 Spellcasting
 + Level 4.6 Invocations
 + Level 3.0 Evocations


You had 13 spell levels left.
You didn't know any spells.
Your spell library contained the following spells:

 Spells                   Type           Power        Failure   Level  Hunger
 Foxfire                  Conj/Fire      #...         100%        1    ##.....
 Conjure Flame            Conj/Fire      #.......     100%        3    ####...
 Inner Flame              Hex/Fire       #.......     100%        3    ####...
 Sticky Flame             Conj/Fire      #.......     100%        4    #####..
 Fireball                 Conj/Fire      #.........   100%        5    ######.


Dungeon Overview and Level Annotations

Branches:
Dungeon (8/15)             Temple (1/1) D:7            Lair (1/6) D:8
  Sewer (visited)

Altars:
Cheibriados
Dithmenos
Elyvilon
Fedhas
Gozag
Hepliaklqana
Kikubaaqudgha
Makhleb
Nemelex Xobeh
Okawaru
Qazlal
Ru
Sif Muna
Trog
Uskayaw
Vehumet
Wu Jian
Xom
Yredelemnul
Zin
The Shining One

Shops:
D:8 !

Annotations:
D:7 2 transporters, tilp's ghost, novice TeAE


Innate Abilities, Weirdness & Mutations

You have a pair of small horns on your head.
You are partially covered in icy blue scales. (AC +2)
You are partially covered in yellow scales. (AC +2)
Potions are less effective at restoring your health.


Message History

* * * LOW HITPOINT WARNING * * *
The six-headed hydra bites you.
* * * LOW HITPOINT WARNING * * *
The six-headed hydra bites you but does no damage. x2
You puncture the six-headed hydra!
The six-headed hydra is moderately wounded.
You block the six-headed hydra's attack.
The six-headed hydra bites you but does no damage.
You block the six-headed hydra's attack.
The six-headed hydra bites you.
* * * LOW HITPOINT WARNING * * *
You block the six-headed hydra's attack.
The six-headed hydra bites you but does no damage.
It was a potion of haste.
You feel yourself speed up.
The six-headed hydra bites you but does no damage.
You block the six-headed hydra's attack. x2
The six-headed hydra bites you.
* * * LOW HITPOINT WARNING * * *
The six-headed hydra bites you!
You die...

# #.# ##.........## # #.#
#####.#'.#.# #### #.###
###..### ##.#.###'#P## #..#
#...........# #..#
##...........# #######.###
#............#####.#.##P...##
.+............##............#
.............#.D@...........+
............>'.#............#
##...........###.....^......#
##...........##.#.###P#.###.#
##.###.###.####### ##### ##
### ### ###


You could see a six-headed hydra.

Vanquished Creatures
  Prince Ribbit (D:6)
  A hippogriff (D:7)
  Eustachio (D:5)
  Menkaure (D:7)
  A water moccasin (Lair:1)
  Purgy (Sewer)
  2 sky beasts
  4 ogres
  A phantom (D:4)
  2 centaurs
  2 crocodiles
  4 bullfrogs
  2 scorpions
  9 wights
  A howler monkey (D:8)
  A bullfrog zombie (D:8)
  2 crimson imps
  Crazy Yiuf (D:7)
  5 hounds
  2 bullfrog skeletons (D:7)
  An orc priest (D:5)
  2 orc wizards (D:6)
  2 centaur skeletons
  3 iguanas
  9 worker ants
  4 gnolls (D:5)
  14 adders
  2 river rats (D:5)
  An adder zombie (D:7)
  An ooze (D:4)
  3 adder skeletons
  6 worms
  4 dart slugs
  7 leopard geckos
  28 orcs
  3 ball pythons
  11 giant cockroaches
  4 goblins
  10 hobgoblins
  7 jackals
  4 quokkas
  6 bats
  4 frilled lizards
  9 kobolds
  9 rats
198 creatures vanquished.

Vanquished Creatures (others)
  7 plants (D:8)
7 creatures vanquished.

Grand Total: 205 creatures vanquished

Notes
Turn   | Place    | Note
-------+----------+-------------------------------------------
     0 | D:1      | Error4North the Hill Orc Fighter began the quest for the
                  | Orb.
     0 | D:1      | Reached XP level 1. HP: 19/19 MP: 1/1
   226 | D:1      | Reached XP level 2. HP: 24/27 MP: 2/2
   793 | D:2      | Reached skill level 3 in Axes
   793 | D:2      | Reached XP level 3. HP: 33/33 MP: 3/3
  1194 | D:2      | Reached XP level 4. HP: 39/40 MP: 4/4
  1238 | D:2      | Found an ancient bone altar of Kikubaaqudgha.
  1242 | D:2      | Found a sacrificial altar of Ru.
  1244 | D:2      | Found an ornate altar of the Wu Jian Council.
  1508 | D:3      | Reached skill level 4 in Axes
  1637 | D:3      | Reached XP level 5. HP: 41/46 MP: 5/5
  1736 | D:3      | Found an iron altar of Okawaru.
  1736 | D:3      | Found an opulent altar of Gozag.
  1741 | D:3      | Became a worshipper of Warmaster Okawaru
  1872 | D:4      | Noticed an ogre
  1884 | D:4      | Killed an ogre
  1884 | D:4      | Reached skill level 5 in Shields
  2017 | D:4      | Reached skill level 5 in Axes
  2053 | D:4      | Reached XP level 6. HP: 49/52 MP: 6/6
  2072 | D:4      | Noticed a phantom
  2110 | D:4      | Killed a phantom
  2110 | D:4      | Reached skill level 1 in Invocations
  2236 | D:4      | Reached skill level 1 in Evocations
  2355 | D:4      | Reached XP level 7. HP: 60/60 MP: 6/8
  2475 | D:4      | Reached * piety under Okawaru
  2491 | D:4      | Reached skill level 1 in Spellcasting
  2666 | D:5      | Entered Level 5 of the Dungeon
  2694 | D:5      | Reached skill level 5 in Armour
  2702 | D:5      | Reached skill level 6 in Axes
  2888 | D:5      | Found a glowing drain.
  2894 | Sewer    | Entered a sewer
  2993 | Sewer    | Noticed Purgy
  3006 | Sewer    | Killed Purgy
  3006 | Sewer    | Reached XP level 8. HP: 62/67 MP: 10/10
  3360 | D:5      | Reached ** piety under Okawaru
  4114 | D:6      | Noticed Prince Ribbit
  4131 | D:6      | Noticed Eustachio
  4163 | D:6      | Reached skill level 5 in Fighting
  4187 | D:5      | Killed Eustachio
  4187 | D:5      | Reached skill level 7 in Axes
  4735 | D:6      | Reached XP level 9. HP: 27/74 MP: 12/12
  5276 | D:6      | Got a brightly glowing scale mail
  5279 | D:6      | Identified the +6 scale mail of Hedging {rF+ rC+ Str-3
                  | Slay+4} (You found it on level 6 of the Dungeon)
  5353 | D:6      | Killed Prince Ribbit
  5473 | D:7      | Reached skill level 8 in Axes
  5522 | D:7      | Reached *** piety under Okawaru
  5539 | D:7      | Found a transporter.
  5556 | D:7      | Noticed Menkaure
  6155 | D:7      | Killed Menkaure
  6444 | D:7      | Found a transporter.
  6446 | D:7      | Noticed a troll
  6446 | D:7      | Noticed tilp's ghost (novice TeAE)
  6449 | D:7      | Identified the +4 great mace of Cheibriados's Delight
                  | {drain, rElec MR+ Stlth-}
  6452 | D:7      | Found a bloodstained altar of Trog.
  6459 | D:7      | Noticed a moth of wrath
  6468 | D:7      | Found a staircase to the Ecumenical Temple.
  6486 | Temple   | Entered the Ecumenical Temple
  6760 | D:7      | Found a runed translucent door.
  6761 | D:7      | Noticed Crazy Yiuf
  6773 | D:7      | Killed Crazy Yiuf
  7006 | D:8      | Reached skill level 9 in Axes
  7008 | D:8      | Reached XP level 10. HP: 82/84 MP: 10/13
  7010 | D:8      | Found Uthiups's Distillery.
  7026 | D:8      | Bought a potion of mutation for 120 gold pieces
  7190 | D:8      | Gained mutation: You occasionally shout uncontrollably at
                  | your foes. [potion of mutation]
  7190 | D:8      | Gained mutation: You have large cloven feet. [potion of
                  | mutation]
  7190 | D:8      | Gained mutation: You are frail. (-10% HP) [potion of
                  | mutation]
  7190 | D:8      | Gained mutation: You are resistant to hostile enchantments.
                  | (MR+) [potion of mutation]
  7191 | D:8      | Lost mutation: You are frail. (-10% HP) [potion of
                  | mutation]
  7191 | D:8      | Lost mutation: You are resistant to hostile enchantments.
                  | (MR+) [potion of mutation]
  7191 | D:8      | Lost mutation: You have large cloven feet. [potion of
                  | mutation]
  7191 | D:8      | Lost mutation: You occasionally shout uncontrollably at
                  | your foes. [potion of mutation]
  7191 | D:8      | Gained mutation: You are partially covered in icy blue
                  | scales. (AC +2) [potion of mutation]
  7191 | D:8      | Gained mutation: Potions are less effective at restoring
                  | your health. [potion of mutation]
  7191 | D:8      | Gained mutation: You have a pair of small horns on your
                  | head. [potion of mutation]
  7191 | D:8      | Gained mutation: You are partially covered in yellow
                  | scales. (AC +2) [potion of mutation]
  7218 | D:8      | Noticed a two-headed ogre
  7244 | D:8      | Found a staircase to the Lair.
  7251 | Lair:1   | Entered Level 1 of the Lair of Beasts
  7297 | Lair:1   | Reached **** piety under Okawaru
  7466 | Lair:1   | Noticed a six-headed hydra
  7517 | Lair:1   | Slain by a six-headed hydra

Levels and vault maps discovered:
D:1:      dpeg_arrival_boxorama, layout_loops_cross,
          ebering_dispersal_statue_hall
D:2:      layout_loops_cross, nicolae_overflow_hidden_temple, amethyst_killhole
D:3:      layout_rooms, gammafunk_temple_overflow_wave
D:4:      layout_rooms, serial_rivers, chequers_serial_rivers_marsh,
          chequers_serial_rivers_marsh, chequers_serial_rivers_micro_d,
          chequers_serial_rivers_micro_b, minmay_fractal_squares_5
D:5:      layout_basic, lightli_sewer_entry_pipes, first_ration, st_stairs_1
D:6:      layout_loops_cross, minmay_bent, uniq_eustachio, uniq_prince_ribbit1
D:7:      layout_cave_pools, minmay_temple_entry_offerings,
          gammafunk_ghost_wrathful_warriors, uniq_menkaure,
          uniq_crazy_yiuf_cottage
D:8:      layout_rooms, lair_entry_dummy, serial_shops, shop,
          hangedman_little_slice_of_home, serial_bayou_lake_a
Temple:   eino_temple_scatter_basement
Lair:1:   layout_roguey

Skill      XL: |  1  2  3  4  5  6  7  8  9 |
---------------+----------------------------+-----
Shields        | 4 5 6 8 |  8.6
Axes           | 3 4 5 6 7 9 |  9.3
Armour         | 4 5 6 7 |  7.9
Fighting       | 4 5 6 |  6.6
Invocations    | 1 3 4 |  4.6
Evocations     | 1 2 3 |  3.0
Spellcasting   | 1 2 |  2.1
Throwing       | |  0.4
Dodging        | |  0.7

Action                   |  1- 3 |  4- 6 |  7- 9 | 10-12 || total
-------------------------+-------+-------+-------+-------++-------
Melee: War axe           |   146 |   154 |   548 |    43 ||   891
       Spear             |       |       |       |     3 ||     3
       Headbutt          |       |       |       |     2 ||     2
Throw: Boomerang         |       |       |     9 |       ||     9
Invok: Heroism           |       |       |     8 |       ||     8
  Use: Potion            |       |       |     4 |     4 ||     8
       Scroll            |       |       |     1 |     2 ||     3
  Eat: Chunk             |     1 |     4 |    16 |     2 ||    23
Armor: Scale mail        |    13 |       |       |       ||    13
       Plate armour      |    66 |   104 |   366 |    37 ||   573
Dodge: Dodged            |    29 |    28 |   111 |    16 ||   184
Block: Shield            |    92 |    78 |   355 |    15 ||   540
       Large shield      |       |       |       |    34 ||    34

Table legend:
 A = Non-vault XP
 B = Vault XP
 C = Vault XP percentage of total XP
 D = Non-vault monster count
 E = Vault monster count
 F = Vault count percentage of total count
                 A         B        C        D         E       F
            +---------+---------+-------+---------+---------+-------
      Total |    4037 |    1139 |  22.0 |     166 |      32 |  16.2
            +---------+---------+-------+---------+---------+-------
        D:1 |      27 |       0 |   0.0 |      15 |       0 |   0.0
        D:2 |      75 |       0 |   0.0 |      26 |       0 |   0.0
        D:3 |      76 |       0 |   0.0 |      19 |       0 |   0.0
        D:4 |     488 |     168 |  25.6 |      13 |       5 |  27.8
        D:5 |     615 |     284 |  31.6 |      28 |      13 |  31.7
        D:6 |     614 |     323 |  34.5 |      24 |       6 |  20.0
        D:7 |    1303 |     217 |  14.3 |      28 |       2 |   6.7
        D:8 |     590 |       0 |   0.0 |      11 |       0 |   0.0
     Lair:1 |     249 |       0 |   0.0 |       2 |       0 |   0.0
      Sewer |       0 |     147 | 100.0 |       0 |       6 | 100.0
            +---------+---------+-------+---------+---------+-------
